 Dungeon Crawl Stone Soup version 0.29.1-14-g9c671dbff4 (webtiles) character file.

Game seed: 17273793507688700157

16 promet the Magician (level 2, -1/17 HPs)
             Began as an Octopode Hedge Wizard on Feb 11, 2023.
             Slain by a hobgoblin (4 damage)
             ... on level 2 of the Dungeon on Feb 12, 2023.
             The game lasted 00:04:40 (1443 turns).

promet the Magician (Octopode Hedge Wizard)         Turns: 1443, Time: 00:04:40

Health: -1/17      AC:  1    Str:  9    XL:     2   Next: 58%
Magic:  4/6        EV: 13    Int: 16    God:
Gold:   51         SH:  0    Dex: 11    Spells: 1/7 levels left

rFire   . . .      SeeInvis .   a - +0 dagger (venom)
rCold   . . .      Faith    .   (no shield)
rNeg    . . .      Spirit   .   b - +0 hat
rPois   .          Reflect  .   (no amulet)
rElec   .          Harm     .   (no ring)
rCorr   .          Rampage  .   (no ring)
Will    .....                   (no ring)
Stlth   +++.......              (no ring)
HPRegen 0.05/turn               (no ring)
MPRegen 0.10/turn               (no ring)
                                (no ring)
                                (no ring)

@: no status effects
A: almost no armour, amphibious, 8 rings, camouflage 1, gelatinous body 1,
(nimble swimmer 1), tentacles
a: no special abilities


You were on level 2 of the Dungeon.
You visited 1 branch of the dungeon, and saw 2 of its levels.

You collected 51 gold pieces.

Inventory:

Hand Weapons
 a - a +0 dagger of venom (weapon)
 i - a +0 hand axe
 k - a +0 dagger
Missiles
 g - 3 poisoned darts
 m - 5 stones
Armour
 b - a +0 hat (worn)
Jewellery
 l - a ring of protection from cold
Potions
 c - a potion of magic
 d - a potion of invisibility {unknown}
 f - 2 potions of might {unknown}


   Skills:
 + Level 2.1 Dodging
 * Level 3.4 Stealth
 + Level 3.4 Spellcasting
 + Level 1.0 Conjurations
 + Level 1.0 Summonings
 + Level 1.0 Translocations


You had one spell level left.
You knew the following spells:

 Your Spells              Type           Power      Damage    Failure   Level
a - Magic Dart            Conj           20%        1d4       12%         1
b - Slow                  Hex            8%         N/A       19%         1
c - Blink                 Tloc           10%        N/A       19%         2
d - Call Imp              Summ           5%         N/A       19%         2

Your spell library contained the following spells:

 Spells                   Type           Power      Damage    Failure   Level
 Conjure Flame            Conj/Fire      4%         6-21      41%         3
 Mephitic Cloud           Conj/Pois/Air  3%         N/A       43%         3


Dungeon Overview and Level Annotations

Branches:
Dungeon (2/15)

Altars:


Innate Abilities, Weirdness & Mutations

You cannot wear most types of armour.
You are amphibious.
You can wear up to eight rings at the same time.
Your skin changes colour to match your surroundings (Stealth+).
Your rubbery body absorbs attacks. (AC +1, EV +1)
((You are camouflaged when in or above water. (Stealth+)))
You have tentacles for arms and can constrict up to eight enemies at once.


Message History

You hear a shout! x2
As you read the scroll labelled ATOOC FIER, it crumbles to dust.
You assume a fearsome visage.
Nothing appears to happen.
It was a scroll of fear.
Your surroundings suddenly seem different.
Found 15 gold pieces.
As you read the scroll labelled JUESA DIT, it crumbles to dust.
The air around you briefly surges with heat, but it dissipates.
It was a scroll of immolation.
You now have 51 gold pieces (gained 15).
You open the door.
A hobgoblin and an endoplasm come into view.
There is an open door here.
Found a quarterstaff.
The hobgoblin shouts!
The endoplasm quivers.
You hit the hobgoblin but do no damage. Your grab misses the hobgoblin.
Your squeeze misses the hobgoblin. The hobgoblin hits you.
You barely miss the hobgoblin. Your grab misses the hobgoblin.
Your squeeze misses the hobgoblin. The hobgoblin hits you.
Casting: Magic Dart (safe; 12% risk of failure)
Confirm with . or Enter, or press ? or * to list all spells.
Aiming: Magic Dart (safe; 12% risk of failure)
Press: ? - help, Shift-Dir - straight line, f - hobgoblin
Aim: a hobgoblin (100% to hit)
The magic dart hits the hobgoblin.
The hobgoblin is lightly wounded.
The hobgoblin hits you.
Casting: Magic Dart (safe; 12% risk of failure)
Confirm with . or Enter, or press ? or * to list all spells.
Aiming: Magic Dart (safe; 12% risk of failure)
Press: ? - help, Shift-Dir - straight line, f/p - hobgoblin
Aim: a hobgoblin (lightly wounded, 100% to hit)
The magic dart hits the hobgoblin.
The hobgoblin is heavily wounded.
The endoplasm freezes you.
You are frozen.
* * * LOW HITPOINT WARNING * * *
The hobgoblin hits you.
You die...

#.....# #.....#
#.....# #.....#
#.....###
#.......#
########.......#
#......'.@g....#
##.#####..J..###
#.# #.....# #.#
#.....# #.#
##...... #.#
#....... #.#
#........ #.##
#.# #......).
#... #.# #...


You could see an endoplasm and a hobgoblin.

Vanquished Creatures
  A ball python (D:1)
  A giant cockroach (D:1)
  2 goblins (D:1)
  3 hobgoblins (D:1)
  3 kobolds (D:1)
  2 bats
  A frilled lizard (D:1)
13 creatures vanquished.

Notes
Turn   | Place    | Note
-------+----------+-------------------------------------------
     0 | D:1      | promet the Octopode Hedge Wizard began the quest for the
                  | Orb.
     0 | D:1      | Reached XP level 1. HP: 11/11 MP: 4/4
   570 | D:1      | Reached XP level 2. HP: 17/17 MP: 6/6
   572 | D:1      | Learned a level 1 spell: Slow
   575 | D:1      | Learned a level 2 spell: Blink
   578 | D:1      | Learned a level 2 spell: Call Imp
   612 | D:1      | Upgraded the game from 0.29.1-13-g9f3cf754e1 to
                  | 0.29.1-14-g9c671dbff4
  1443 | D:2      | Slain by a hobgoblin

Illustrated notes

Levels and vault maps discovered:
D:1:      dpeg_arrival_simpleton_c, layout_basic
D:2:      layout_basic

Skill      XL: |  1 |
---------------+----+-----
Stealth        | 3 |  3.4
Dodging        | |  2.1
Spellcasting   | |  3.4
Conjurations   | |  1.0
Summonings     | |  1.0
Translocations | |  1.0

Action                   || total
-------------------------++-------
Melee: Dagger            ||    18
       Constrict         ||     2
       Tentacles         ||     1
 Cast: Magic Dart        ||     5
  Use: Scroll            ||     4
 Stab: Sleeping          ||     7
Armor: Skin              ||     1
Dodge: Dodged            ||     8
